 Dungeon Crawl Stone Soup version 0.25-b1-50-g7b83aa72e5 (webtiles) character file.

Game seed: 1924836479814543644

19569 HungrySpirit the Severer (level 12, -1/112 HPs)
             Began as a Minotaur Berserker on June 12, 2020.
             Was a High Priest of Trog.
             Slain by Rupert
             ... wielding a +4 great sword of electrocution
              (9 damage)
             ... on level 3 of the Lair of Beasts.
             The game lasted 00:14:21 (12768 turns).

HungrySpirit the Severer (Minotaur Berserker)      Turns: 12768, Time: 00:14:23

Health: -1/112     AC: 21    Str: 26    XL:     12   Next: 37%
Magic:  0/29       EV: 13    Int:  4    God:    Trog [*****.]
Gold:   650        SH:  0    Dex: 11    Spells: 11/11 levels left

rFire    . . .     SeeInvis .   p - +5 battleaxe (venom)
rCold    . . .     Gourm    .   (shield currently unavailable)
rNeg     . . .     Faith    .   D - +3 chain mail
rPois    +         Spirit   +   O - +0 hat
rElec    .         Reflect  .   N - +2 cloak {rPois}
rCorr    +         Harm     .   (no gloves)
MR       .....                  y - +1 pair of boots "Zounlutiu" {MP+9}
Stlth    ..........             x - amulet of guardian spirit
HPRegen  0.28/turn              C - ring of magical power
MPRegen  0.21/turn              l - ring of resist corrosion

@: berserk cooldown, slowed, very slow
A: retaliatory headbutt, horns 2
a: Berserk, Trog's Hand, Brothers in Arms, Renounce Religion


You were on level 3 of the Lair of Beasts.
You worshipped Trog.
Trog was extremely pleased with you.
You were very hungry.

You visited 2 branches of the dungeon, and saw 12 of its levels.
You also visited: Sewer.

You collected 740 gold pieces.
You spent 90 gold pieces at shops.

Inventory:

Hand Weapons
 p - a +5 battleaxe of venom (weapon)
 S - a +0 executioner's axe of flaming
Armour
 b - a +1 chain mail of cold resistance
 e - a +1 plate armour
 y - the +1 pair of boots "Zounlutiu" (worn) {MP+9}
   (You found it on level 6 of the Dungeon)

   It affects your magic capacity (+9).
 D - a +3 chain mail (worn)
 N - a +2 cloak of poison resistance (worn)
 O - a +0 hat (worn)
Jewellery
 l - a ring of resist corrosion (right hand)
 r - an uncursed ring of ice
 x - an amulet of guardian spirit (around neck)
 C - a ring of magical power (left hand)
 G - a +6 ring of intelligence
Wands
 H - a wand of disintegration (8)
 M - a wand of clouds (4)
 P - a wand of iceblast (12)
Scrolls
 g - 3 scrolls of enchant armour
 i - 7 scrolls of teleportation
 j - 4 scrolls of remove curse
 n - a scroll of enchant weapon
 o - 3 scrolls of fear
 q - a scroll of noise
 s - 2 scrolls of immolation
 w - 2 scrolls of fog
 z - a scroll of amnesia
 F - a scroll of brand weapon
Potions
 d - a potion of magic
 f - 3 potions of cancellation
 h - 4 potions of stabbing {unknown}
 k - 2 potions of mutation {unknown}
 t - 3 potions of curing
 u - a potion of ambrosia {unknown}
 A - 2 potions of haste {unknown}
 B - a potion of invisibility
 E - a potion of might
 I - a potion of flight
 J - 2 potions of lignification
Comestibles
 c - 30 rations


   Skills:
 + Level 11.9 Fighting
 * Level 15.7 Axes
 + Level 11.6 Armour
 + Level 8.9 Dodging


You had 11 spell levels left.
You didn't know any spells.
Your spell library was empty.

Dungeon Overview and Level Annotations

Branches:
Dungeon (9/15)               Lair (3/6) D:8          Shoals (0/4) Lair:2
 Spider (0/4) Lair:2        Sewer (visited)
 Temple: D:4-7          Orc: D:9-12

Altars:
Cheibriados
Fedhas
Hepliaklqana
Nemelex Xobeh
Okawaru
Qazlal
Ru
Trog
Vehumet
Xom
Yredelemnul
Zin
The Shining One

Shops:
D:8 :

Annotations:
D:8 1 runed translucent door, nihilominus's ghost, amateur DDFi
Lair:3 Rupert


Innate Abilities, Weirdness & Mutations

You reflexively headbutt those who attack you in melee.
You have a pair of horns on your head.


Message History

You headbutt Rupert, but do no damage.
Rupert is almost dead.
Rupert hits you with a +4 great sword of electrocution!!
Rupert hits you with a +4 great sword of electrocution!
You bump into the rock wall.
Rupert hits you with a +4 great sword of electrocution.
You feel better.
Rupert hits you with a +4 great sword of electrocution!
You are electrocuted!
Rupert hits you with a +4 great sword of electrocution!!
* * * LOW HITPOINT WARNING * * *
You are electrocuted!!
* * * LOW HITPOINT WARNING * * *
You hit Rupert but do no damage.
Rupert looks as sick as possible!
You headbutt Rupert.
Rupert is almost dead.
Rupert hits you with a +4 great sword of electrocution.
* * * LOW HITPOINT WARNING * * *
You are electrocuted!
You die...

..##.. #.......
...#.......## #.
....#....... #..
.#........... . . ...
.......#...### .. .#
#.####P....###.#..#.<#
..##.##.P.......@@......#
........................#
........................#
........................#
........................#
####.#####...............
###†#.##..#...P..........
#........##.......####..#
.........##........# ...


You could see Rupert (berserk, strong, extremely poisoned).

Vanquished Creatures
  Gastronok (Lair:1)
  3 hydras
  3 two-headed ogres
  Nergalle (Lair:1)
  Pikel (D:5)
  5 elephants (Lair:2)
  A merfolk siren (Lair:2)
  3 spiny frogs (Lair:2)
  Maggie (Lair:1)
  2 komodo dragons
  A troll (D:9)
  5 blink frogs (Lair:1)
  Grinder (D:3)
  4 hippogriffs
  2 redbacks (Lair:2)
  3 yaks (Lair:2)
  A wyvern (Lair:2)
  Eustachio (D:5)
  A basilisk (Lair:2)
  Menkaure (D:5)
  Edmund (D:4)
  5 water moccasins
  4 sky beasts
  An orc warrior (D:7)
  A porcupine (Lair:2)
  A phantom (D:9)
  3 ice beasts
  Purgy (Sewer)
  A necrophage (D:9)
  A black bear (D:7)
  7 ogres
  3 centaurs (D:7)
  10 crocodiles
  2 big kobolds (D:9)
  6 bullfrogs
  A wyvern zombie (D:8)
  A scorpion (D:6)
  A wyvern skeleton (D:6)
  7 killer bees (D:9)
  3 wights (D:6)
  A howler monkey (D:5)
  4 jellies
  5 crimson imps
  4 hounds
  3 centaur skeletons
  A quasit (D:7)
  A bullfrog skeleton (D:4)
  6 orc priests
  8 orc wizards
  Jessica (D:2)
  4 iguanas
  12 worker ants
  2 hound zombies
  A worker ant zombie (D:9)
  3 gnolls (D:9)
  A howler monkey zombie (D:9)
  10 adders
  2 shadow imps
  An adder zombie (D:7)
  3 adder skeletons
  2 worms
  3 leopard geckos
  24 orcs
  2 giant cockroaches
  7 goblins
  8 hobgoblins
  12 jackals
  A quokka (D:7)
  A ball python (D:6)
  9 bats
  6 frilled lizards
  17 kobolds
  3 rats
269 creatures vanquished.

Vanquished Creatures (others)
  A fungus (Lair:2)
  A plant (Lair:2)
2 creatures vanquished.

Grand Total: 271 creatures vanquished

Notes
Turn   | Place    | Note
-------+----------+-------------------------------------------
     0 | D:1      | HungrySpirit the Minotaur Berserker began the quest for the
                  | Orb.
     0 | D:1      | Reached XP level 1. HP: 19/19 MP: 0/0
   233 | D:1      | Reached skill level 4 in Axes
   234 | D:1      | Reached XP level 2. HP: 24/27 MP: 1/1
   807 | D:2      | Found a basalt altar of Yredelemnul.
  1120 | D:2      | Reached ** piety under Trog
  1120 | D:2      | Reached XP level 3. HP: 33/33 MP: 2/2
  1458 | D:2      | Noticed Jessica
  1466 | D:2      | Killed Jessica
  1548 | D:2      | Reached XP level 4. HP: 41/41 MP: 3/3
  1551 | D:2      | Reached skill level 5 in Axes
  1857 | D:3      | Noticed Grinder
  1878 | D:3      | Paralysed by Grinder for 5 turns
  1893 | D:2      | Reached XP level 5. HP: 12/47 MP: 4/4
  2266 | D:3      | Paralysed by Grinder for 3 turns
  2271 | D:3      | Killed Grinder
  2271 | D:3      | Reached skill level 5 in Fighting
  2271 | D:3      | Reached skill level 6 in Axes
  2271 | D:3      | Reached XP level 6. HP: 56/56 MP: 5/5
  2527 | D:3      | Found a shimmering altar of Xom.
  2709 | D:4      | Reached *** piety under Trog
  2715 | D:4      | Reached skill level 7 in Axes
  2822 | D:4      | Found a blossoming altar of Fedhas.
  3042 | D:4      | Found a radiant altar of Vehumet.
  3044 | D:4      | Found a snail-covered altar of Cheibriados.
  3069 | D:4      | Noticed Edmund
  3083 | D:4      | Killed Edmund
  3083 | D:4      | Reached skill level 5 in Armour
  3083 | D:4      | Reached XP level 7. HP: 62/62 MP: 6/6
  3765 | D:5      | Entered Level 5 of the Dungeon
  3765 | D:5      | Noticed Menkaure
  3771 | D:5      | Killed Menkaure
  3771 | D:5      | Reached skill level 8 in Axes
  4028 | D:5      | Noticed Eustachio
  4041 | D:5      | Killed Eustachio
  4146 | D:5      | Found a bloodstained altar of Trog.
  4344 | D:5      | Noticed Pikel
  4355 | D:5      | Killed Pikel
  4355 | D:5      | Reached skill level 9 in Axes
  4355 | D:5      | Reached XP level 8. HP: 73/73 MP: 7/7
  4837 | D:6      | Found a glowing drain.
  4886 | Sewer    | Entered a sewer
  4936 | Sewer    | Noticed Purgy
  4948 | Sewer    | Killed Purgy
  4948 | Sewer    | Reached skill level 10 in Axes
  5267 | D:6      | Got a pair of crude boots
  5268 | D:6      | Identified the +1 pair of boots "Zounlutiu" {MP+9} (You
                  | found it on level 6 of the Dungeon)
  5507 | D:6      | Reached XP level 9. HP: 81/81 MP: 8/8
  5759 | D:6      | Reached **** piety under Trog
  6183 | D:6      | Reached skill level 11 in Axes
  6305 | D:6      | Found a hazy altar of Hepliaklqana.
  7284 | D:7      | Found a sacrificial altar of Ru.
  7313 | D:7      | Found a glowing golden altar of the Shining One.
  7314 | D:7      | Found a stormy altar of Qazlal.
  7354 | D:7      | Reached ***** piety under Trog
  7608 | D:7      | Reached skill level 12 in Axes
  7678 | D:7      | Reached XP level 10. HP: 91/91 MP: 9/9
  7897 | D:8      | Found a sparkling altar of Nemelex Xobeh.
  7897 | D:8      | Found a runed translucent door.
  7897 | D:8      | Noticed nihilominus's ghost (amateur DDFi)
  8003 | D:8      | Noticed a two-headed ogre
  8008 | D:8      | Killed a two-headed ogre
  8008 | D:8      | Reached skill level 5 in Dodging
  8062 | D:8      | Found a staircase to the Lair.
  8070 | D:8      | Noticed a two-headed ogre
  8074 | D:8      | Killed a two-headed ogre
  8350 | D:8      | Found an iron altar of Okawaru.
  8401 | D:8      | Found Zusoves's Book Boutique.
  8784 | D:9      | Reached skill level 13 in Axes
  8833 | D:9      | Found Zin's Purification Station.
  8975 | D:9      | Reached skill level 10 in Fighting
  9067 | D:9      | Found an iron altar of Okawaru.
  9261 | D:9      | Found a stormy altar of Qazlal.
  9392 | D:9      | Found a glowing silver altar of Zin.
  9400 | D:9      | Bought a potion of curing for 90 gold pieces
  9581 | D:9      | Noticed a two-headed ogre
  9589 | D:9      | Killed a two-headed ogre
  9589 | D:9      | Reached XP level 11. HP: 62/99 MP: 10/10
  9876 | Lair:1   | Entered Level 1 of the Lair of Beasts
 10071 | Lair:1   | Reached skill level 10 in Armour
 10165 | Lair:1   | Noticed Gastronok
 10179 | Lair:1   | Killed Gastronok
 10179 | Lair:1   | Reached skill level 14 in Axes
 10240 | Lair:1   | Noticed Nergalle
 10256 | Lair:1   | Killed Nergalle
 10670 | Lair:1   | Noticed Maggie
 10684 | Lair:1   | Killed Maggie
 11750 | Lair:2   | Found a hole to the Spider Nest.
 11803 | Lair:2   | Received a gift from Trog
 11805 | Lair:2   | Reached skill level 15 in Axes
 11808 | Lair:2   | Reached XP level 12. HP: 109/109 MP: 11/11
 11911 | Lair:2   | Found a staircase to the Shoals.
 12327 | Lair:2   | Noticed a five-headed hydra
 12341 | Lair:2   | Killed a two-headed hydra
 12455 | Lair:3   | Noticed a four-headed hydra
 12456 | Lair:3   | Noticed an eight-headed hydra
 12467 | Lair:3   | Killed a two-headed hydra
 12529 | Lair:3   | Killed a four-headed hydra
 12752 | Lair:3   | Noticed Rupert
 12768 | Lair:3   | Slain by Rupert

Illustrated notes

Levels and vault maps discovered:
D:1:      scummos_arrival_hexagon, layout_basic
D:2:      layout_loops_corners, old_standard_altar, uniq_jessica
D:3:      layout_rooms, xom_teletrap_fun, uniq_grinder
D:4:      layout_cave_pods, minitemple, minmay_temple_entry_from_below_b,
          fedhas_altar_fruit_tree, uniq_edmund
D:5:      layout_loops_corners, first_ration, bloody_trog, uniq_eustachio,
          uniq_menkaure, uniq_pikel
D:6:      layout_cave_pods, nicolae_overflow_hidden_temple, portal_sewer_entry_d
D:7:      layout_cave_pods, marbit_many_paths, gammafunk_temple_overflow_statue,
          enter_bailey_2
D:8:      layout_basic, lemuel_crystal_altar, lair_entry_dummy, serial_shops,
          shop, basic_altar, gammafunk_ghost_grave
D:9:      layout_irregular_city, okawaru_ov_weapons_minmay, zin_purify,
          nicolae_qazlal_style_of_elements
Lair:1:   layout_cave_pods, serial_bayou_shore_b, uniq_nergalle, uniq_gastronok,
          uniq_maggie
Lair:2:   layout_chaotic_city, minmay_shoals_entry_lonely_mermaid,
          spider_nest_entry_webs, beast_lair_carwin_5, grunt_megastairs_3,
          infiniplex_staircase_pool_2
Lair:3:   layout_regular_city, minmay_lindwurm_lava, lemuel_fruit_tree,
          uniq_rupert

Skill      XL: |  1  2  3  4  5  6  7  8  9 10 11 |
---------------+----------------------------------+-----
Axes           | 4 5 6 7 9 10 12 13 15 | 15.7
Fighting       | 4 5 7 9 10 11 | 11.9
Armour         | 3 4 5 6 7 8 9 11 | 11.6
Dodging        | 4 6 8 |  8.9

Action                   |  1- 3 |  4- 6 |  7- 9 | 10-12 || total
-------------------------+-------+-------+-------+-------++-------
Melee: Hand axe          |    65 |    93 |   294 |       ||   452
       Headbutt          |    12 |    13 |    64 |    69 ||   158
       Battleaxe         |       |       |    14 |   297 ||   311
       Executioner's axe |       |       |       |    16 ||    16
Invok: Berserk           |     1 |     4 |     8 |     6 ||    19
  Use: Scroll            |       |     3 |     7 |    15 ||    25
       Potion            |       |       |       |     1 ||     1
  Eat: Chunk             |     1 |    10 |    19 |    10 ||    40
       Ration            |       |       |     1 |     3 ||     4
Armor: Plate armour      |    43 |    73 |    38 |       ||   154
       Chain mail        |       |       |    91 |   157 ||   248
Dodge: Dodged            |    23 |    38 |   103 |   184 ||   348
